 Dungeon Crawl Stone Soup version 0.26.0-45-g9c1d065592 (webtiles) character file.

Game seed: 12711350398607325495

9534 littlecub the Fighter (level 11, 0/73 HPs)
             Began as a Gargoyle Gladiator on Jan 27, 2021.
             Was a High Priest of Okawaru.
             Slain by a red ugly thing (22 damage)
             ... on level 10 of the Dungeon.
             The game lasted 00:19:04 (10741 turns).

littlecub the Fighter (Gargoyle Gladiator)         Turns: 10741, Time: 00:19:04

Health: 0/73       AC: 21    Str: 22    XL:     11   Next: 48%
Magic:  14/15      EV: 21    Int:  8    God:    Okawaru [*****.]
Gold:   731        SH:  0    Dex: 11    Spells: 10/10 levels left

rFire    . . .     SeeInvis .   j - +4 battleaxe
rCold    . . .     Faith    .   (shield currently unavailable)
rNeg     + . .     Spirit   .   J - +0 acid dragon scales
rPois    ∞         Reflect  .   F - +1 helmet
rElec    +         Harm     .   C - scarf {repulsion}
rCorr    +         Rampage  .   (no gloves)
Will     +....                  D - +0 pair of boots
Stlth    ++........             (no amulet)
HPRegen  0.22/turn              t - ring of willpower
MPRegen  0.14/turn              v - +4 ring of evasion

@: heroism, repel missiles
A: negative energy resistance 1, electricity resistance, unbreathing,
petrification resistance, miasma immunity, AC +8
a: Renounce Religion, Heroism, Finesse


You were on level 10 of the Dungeon.
You worshipped Okawaru.
Okawaru was extremely pleased with you.
You visited 1 branch of the dungeon, and saw 10 of its levels.
You also visited: Sewer.

You collected 731 gold pieces.

Inventory:

Hand Weapons
 j - a +4 battleaxe (weapon)
Missiles
 d - 2 throwing nets (quivered)
 z - 7 atropa-tipped darts
Armour
 C - a scarf of repulsion (worn)
 D - a +0 pair of boots (worn)
 F - a +1 helmet (worn)
 J - +0 acid dragon scales (worn)
Jewellery
 t - a ring of willpower (left hand)
 u - an uncursed ring of resist corrosion
 v - a +4 ring of evasion (right hand)
 E - a +4 ring of evasion
 G - an uncursed ring of ice
Wands
 a - a wand of acid (19)
 r - a wand of digging (1)
 A - a wand of flame (8)
 K - a wand of random effects (19)
Scrolls
 c - a scroll of torment
 g - 3 scrolls of amnesia
 n - a scroll of enchant armour
 o - 6 scrolls of teleportation
 q - a scroll of fear
 s - a scroll of fog
 w - 5 scrolls of enchant weapon
 y - 4 scrolls of immolation
 H - a scroll of blinking
 I - a scroll of holy word
Potions
 b - 4 potions of flight {unknown}
 e - a potion of brilliance {unknown}
 f - 5 potions of curing
 h - 3 potions of might {unknown}
 i - a potion of lignification {unknown}
 k - 2 potions of invisibility {unknown}
 l - 4 potions of magic
 m - 4 potions of heal wounds {unknown}
 p - 2 potions of haste {unknown}
 x - 2 potions of resistance {unknown}
 B - 2 potions of cancellation {unknown}


   Skills:
 * Level 10.7(15.7) Fighting
 * Level 9.3(14.3) Axes
 - Level 1.7(6.7) Throwing
 + Level 7.4(12.4) Armour
 + Level 6.3(11.3) Dodging
 - Level 6.0 Invocations


You had 10 spell levels left.
You didn't know any spells.
Your spell library was empty.

Dungeon Overview and Level Annotations

Branches:
Dungeon (10/15)            Temple (0/1) D:5            Lair (0/6) D:9
  Sewer (visited)
    Orc: D:9-12

Altars:
Cheibriados
Fedhas
Gozag
Kikubaaqudgha
Makhleb
Nemelex Xobeh
Okawaru
Wu Jian
Xom
Yredelemnul
Zin
The Shining One

Annotations:
D:2 2 transporters, Menkaure
D:10 exclusion: oklob sapling


Innate Abilities, Weirdness & Mutations

You are resistant to torment.
Your stone body is resilient. (AC +8)
You are immune to poison.
You resist negative energy. (rN+)
You are resistant to electric shocks. (rElec)
You can survive without breathing.
You are immune to petrification.
You are immune to miasma.


Message History

You hit the red ugly thing.
The red ugly thing is lightly wounded.
The red ugly thing headbutts you but does no damage.
You closely miss the red ugly thing.
The red ugly thing is lightly wounded.
The red ugly thing barely misses you.
You barely miss the red ugly thing.
The red ugly thing headbutts you but does no damage.
You slash the red ugly thing!
The red ugly thing is lightly wounded.
The red ugly thing headbutts you.
You are engulfed in flames!!
* * * LOW HITPOINT WARNING * * *
You hit the red ugly thing.
The red ugly thing is lightly wounded.
The red ugly thing misses you.
You feel better.
The red ugly thing headbutts you but does no damage.
The jelly misses you.
You feel better. The red ugly thing headbutts you.
You are engulfed in flames!!
You die...

#. #### ### #. ....
#####.... #.. #. ....
....#......+...+. ...
#..........#...#.
#####.####....# #'##....#.
..............###.##....'.
........................#.
........u@.#.####....#....
###.#####J........)(......
#..#......)()..[..
#..#..((.)))).....
#..#).......).....
#..#..###.........
.............#'##.
##..#...###.###.##.
#........[........


You could see a red ugly thing and a jelly.

Vanquished Creatures
  A two-headed ogre (D:10)
  An unseen horror (D:10)
  A cyclops (D:9)
  An elephant (D:9)
  An efreet (D:10)
  A wraith (D:7)
  Grum (D:9)
  A yak (D:9)
  A basilisk (D:9)
  An acid dragon (D:9)
  A water moccasin (D:5)
  3 black bears
  5 ice beasts
  3 sky beasts
  5 orc warriors
  A phantom (D:7)
  5 ogres
  4 wolves
  4 centaurs
  A necrophage (D:10)
  4 big kobolds
  3 bullfrogs
  A scorpion (D:9)
  7 killer bees (D:9)
  26 wights
  2 howler monkeys
  2 electric eels (D:10)
  2 centaur zombies
  2 bullfrog zombies
  5 hounds
  7 orc priests
  5 jellies
  3 centaur skeletons
  2 bullfrog skeletons
  4 iguanas
  8 orc wizards
  5 worker ants
  A hound zombie (D:9)
  2 hound skeletons
  2 worker ant zombies
  13 adders
  7 gnolls
  A shadow imp (D:7)
  A white imp (D:6)
  4 ufetubi
  An ooze (D:3)
  2 adder zombies
  An adder skeleton (D:9)
  5 worms
  3 dart slugs
  8 leopard geckos
  50 orcs
  10 giant cockroaches
  7 hobgoblins
  11 jackals
  2 quokkas
  3 ball pythons
  6 bats
  7 frilled lizards
  9 goblins
  A jackal skeleton (D:4)
  18 kobolds
  2 quokka zombies
  13 rats
320 creatures vanquished.

Vanquished Creatures (others)
  5 dream sheep (D:4)
  A human (D:3)
  6 plants
12 creatures vanquished.

Grand Total: 332 creatures vanquished

Notes
Turn   | Place    | Note
-------+----------+-------------------------------------------
     0 | D:1      | littlecub the Gargoyle Gladiator began the quest for the
                  | Orb.
     0 | D:1      | Reached XP level 1. HP: 12/12 MP: 1/1
   151 | D:1      | Reached XP level 2. HP: 18/18 MP: 2/2
   328 | D:1      | Reached XP level 3. HP: 22/22 MP: 3/3
   457 | D:1      | Reached skill level 1 in Armour
  1055 | D:2      | Reached skill level 3 in Fighting
  1055 | D:2      | Reached XP level 4. HP: 27/28 MP: 4/4
  1077 | D:2      | Found an ancient bone altar of Kikubaaqudgha.
  1078 | D:2      | Noticed Menkaure
  1079 | D:2      | Found a basalt altar of Yredelemnul.
  1079 | D:2      | Found a transporter.
  1243 | D:2      | Noticed a centaur
  1254 | D:2      | Killed a centaur
  1255 | D:2      | Reached XP level 5. HP: 3/32 MP: 5/5
  1647 | D:2      | Found a transporter.
  1658 | D:2      | Found a sparkling altar of Nemelex Xobeh.
  1954 | D:3      | Found a glowing drain.
  1971 | Sewer    | Entered a sewer
  2096 | Sewer    | Noticed a big kobold
  2096 | Sewer    | Noticed a big kobold
  2103 | Sewer    | Killed a big kobold
  2104 | Sewer    | Reached skill level 4 in Fighting
  2104 | Sewer    | Reached XP level 6. HP: 30/38 MP: 6/6
  2731 | D:3      | Found an iron altar of Okawaru.
  2739 | D:3      | Became a worshipper of Warmaster Okawaru
  2855 | D:3      | Found an ancient bone altar of Kikubaaqudgha.
  2856 | D:3      | Noticed a human
  2859 | D:3      | Killed a human
  2953 | D:3      | Reached XP level 7. HP: 42/44 MP: 7/7
  2959 | D:3      | Reached skill level 5 in Fighting
  3627 | D:4      | Reached skill level 5 in Axes
  3706 | D:4      | Noticed a dream sheep
  3706 | D:4      | Noticed a dream sheep
  3706 | D:4      | Noticed a dream sheep
  3706 | D:4      | Noticed a dream sheep
  3706 | D:4      | Noticed a dream sheep
  3706 | D:4      | Found a shimmering altar of Xom.
  3711 | D:4      | Killed a dream sheep
  3711 | D:4      | Killed a dream sheep
  3711 | D:4      | Killed a dream sheep
  3711 | D:4      | Killed a dream sheep
  3712 | D:4      | Killed a dream sheep
  3906 | D:4      | Found a glowing golden altar of the Shining One.
  3916 | D:4      | Found an ornate altar of the Wu Jian Council.
  3921 | D:4      | Found a snail-covered altar of Cheibriados.
  4264 | D:5      | Entered Level 5 of the Dungeon
  4579 | D:5      | Reached XP level 8. HP: 46/51 MP: 8/8
  4592 | D:5      | Reached * piety under Okawaru
  4593 | D:5      | Reached skill level 6 in Fighting
  4763 | D:5      | Reached skill level 1 in Invocations
  5101 | D:5      | Found Taplent's Weapon Shop.
  5131 | D:5      | Found a staircase to the Ecumenical Temple.
  5585 | D:6      | Found a burning altar of Makhleb.
  5636 | D:6      | Reached skill level 7 in Fighting
  6075 | D:6      | Found a blossoming altar of Fedhas.
  6195 | D:7      | Noticed a wraith
  6207 | D:7      | Reached XP level 9. HP: 55/57 MP: 7/10
  6213 | D:7      | Reached ** piety under Okawaru
  6571 | D:7      | Reached skill level 5 in Armour
  6728 | D:7      | Reached skill level 8 in Fighting
  7153 | D:8      | Reached skill level 5 in Dodging
  7156 | D:8      | Reached *** piety under Okawaru
  7390 | D:8      | Reached XP level 10. HP: 65/65 MP: 12/12
  7738 | D:9      | Noticed a cyclops
  7749 | D:9      | Killed a cyclops
  7750 | D:9      | Reached skill level 9 in Fighting
  7754 | D:9      | Reached **** piety under Okawaru
  7981 | D:9      | Found a staircase to the Lair.
  7981 | D:9      | Noticed an elephant
  7983 | D:9      | Noticed Grum
  7995 | D:9      | Killed an elephant
  8292 | D:9      | Killed Grum
  8479 | D:9      | Reached skill level 5 in Invocations
  9058 | D:9      | Found an opulent altar of Gozag.
  9145 | D:9      | Found a glowing silver altar of Zin.
  9284 | D:9      | Reached skill level 10 in Fighting
  9436 | D:10     | Entered Level 10 of the Dungeon
  9449 | D:10     | Reached XP level 11. HP: 72/72 MP: 15/15
  9528 | D:10     | Found a blossoming altar of Fedhas.
  9913 | D:10     | Reached ***** piety under Okawaru
 10094 | D:10     | Noticed a two-headed ogre
 10100 | D:10     | Killed a two-headed ogre
 10330 | D:10     | Killed an unseen horror
 10724 | D:10     | Noticed a red ugly thing
 10741 | D:10     | Slain by a red ugly thing

Illustrated notes

Levels and vault maps discovered:
D:1:      onia_arrival_mini_spirals, layout_rooms
D:2:      layout_basic, gammafunk_temple_of_torment, nrook_loot_triangle,
          nemelex_altar_shiori
D:3:      layout_rooms, okawaru_gym_becter, gup_sewer_entry_pipe,
          roderic_serpentine_path, st_stairs_6, tgw_kikubaaqudgha
D:4:      layout_basic, grunt_temple_overflow_open, kb_xom_exploding_sheep
D:5:      layout_basic, temple_doors_ab, serial_shops, nicolae_shop_statue_plus,
          grunt_ministairs_9, serial_bayou_crossing
D:6:      layout_basic, lemuel_round_altar, makhleb_heckhound_becter
D:7:      layout_gridville, st_stairs_6, minmay_starry_boxes
D:8:      layout_rooms
D:9:      minmay_cornered_nines, layout_loops_corners,
          pdpol_temple_overflow_zin_treasury_gozag_greed, david_lair_generic,
          grunt_ministairs_2, uniq_grum
D:10:     minmay_the_grid_4x2 [minmay_the_grid_outer_diamond,
          minmay_the_grid_gridbox, minmay_the_grid_holed_spiral,
          minmay_the_grid_tiny_cups, minmay_the_grid_eight,
          minmay_the_grid_minigrid_medium, minmay_the_grid_box_x,
          minmay_the_grid_prize_big_room], layout_basic, minmay_statues_item,
          introduction_to_nature_2

Skill      XL: |  1  2  3  4  5  6  7  8  9 10 11 |
---------------+----------------------------------+-----
Axes           | 3 4 5 6 7 8 9 |  9.3
Armour         | 1 2 3 4 5 6 7 |  7.4
Fighting       | 3 4 5 7 8 10 | 10.7
Dodging        | 3 4 5 6 |  6.3
Invocations    | 2 3 5 6 |  6.0
Throwing       | |  1.7

Action                   |  1- 3 |  4- 6 |  7- 9 | 10-12 || total
-------------------------+-------+-------+-------+-------++-------
Melee: War axe           |    88 |   184 |   201 |       ||   473
       Battleaxe         |       |       |   191 |   359 ||   550
Throw: Throwing net      |       |     1 |     1 |       ||     2
Invok: Heroism           |       |       |     2 |     4 ||     6
Evoke: Wand              |       |       |     1 |       ||     1
  Use: Scroll            |     1 |     4 |     9 |     2 ||    16
       Potion            |       |       |       |     5 ||     5
 Stab: Held in net/web   |       |     1 |       |       ||     1
Armor: Ring mail         |    49 |    74 |       |       ||   123
       Scale mail        |       |    19 |   162 |       ||   181
       Chain mail        |       |       |    50 |    43 ||    93
       Acid dragon scale |       |       |       |   160 ||   160
Dodge: Dodged            |    68 |   106 |   358 |   387 ||   919
       Repelled          |       |       |       |     4 ||     4
